Unix NetHack Version 3.7.0-90 Work-in-progress - last build Dec 4 2023 15:25:40 (a4ad6ea61a8c493010e15c9251bbb19a34919cb7,branch:master). Game began 2023-12-05 09:40:42, ended 2023-12-05 09:52:47. elenmirie, neutral female human Priestess ----- #####+..<| ### # |...| ### # |...| # + # #####-...| ---- ############## # # |(..| ... ## ## ###[#### ----- .. ## ### # -----.. ## ------|--### |.{.|.. ## |.......|# {.C.. # |.......|# |.Fq|# |.......-# -..q@f# |.......| ...C.....|# |.......| |C.........C # |.......| ------------ # --------- ############### Elenmirie the Acolyte St:13 Dx:12 Co:13 In:13 Wi:17 Ch:9 Neutral Dlvl:5 $:0 HP:0(30) Pw:40(40) AC:8 Xp:4/85 T:1411 Latest messages: The gnome lord is killed! C - an uncursed dart. D - an uncursed fortune cookie. It misses the kobold mummy. The kobold mummy hits! It misses the kobold mummy. You hit the kobold mummy! It bites the kobold mummy. The kobold mummy misses it. It misses the kobold mummy. You destroy the kobold mummy! You swap places with Coco. You see here an uncursed mummy wrapping. That door is closed. The door opens. That door is closed. You swap places with Coco. The grid bug bites! You avoid harm. You kill the grid bug! The grid bug bites! You get zapped! Coco misses the grid bug. You kill the grid bug! You hit the straw golem. The straw golem hits! The straw golem hits again! You hit the straw golem! The straw golem hits! The straw golem hits again! You hit the straw golem! The straw golem hits! The straw golem hits again! You destroy the straw golem! Welcome to experience level 4. You swap places with Coco. You swap places with Coco. You miss the rothe. The rothe hits! The rothe bites! The rothe bites again! The rothe hits! The rothe bites! The rothe bites again! You die... Do you want your possessions identified? [ynq] (y) y Do you want to see your attributes? [ynq] (y) y Do you want an account of creatures vanquished? [ynaq] (y) y Do you want to see your conduct and achievements? [ynq] (y) y Do you want to see the dungeon overview? [ynq] (y) y Inventory: Weapons C - an uncursed +0 dart a - a blessed +1 mace (weapon in right hand) Armor c - an uncursed +0 small shield (being worn) y - an uncursed +0 alchemy smock with text "Kiss the cook" (being worn) b - an uncursed +0 robe Comestibles e - an uncursed clove of garlic D - an uncursed fortune cookie n - an uncursed lembas wafer f - an uncursed sprig of wolfsbane Wands s - an uncursed wand of light (0:12) Tools w - an uncursed sack containing 8 items Gems/Stones t - an uncursed luckstone Contents of the sack: 304 gold pieces a cursed scroll of destroy armor an uncursed scroll of enchant armor an uncursed scroll of identify an uncursed potion of gain energy 2 cursed potions of healing an uncursed potion of levitation 4 potions of holy water Elenmirie the Priestess's attributes: Background: You were an Acolyte, a level 4 human Priestess. You were neutral, nominally on a mission for Chih Sung-tzu who was opposed by Shan Lai Ching (lawful) and Huan Ti (chaotic). You were right-handed. You were in the Dungeons of Doom, on level 5. You entered the dungeon 1411 turns ago. You had 85 experience points, 75 more were needed to attain level 5. Basics: You had 0 out of 30 hit points. You had all 40 energy points (spell power). Your armor class was 8. Your wallet was empty, but you had 304 zorkmids stashed away in your pack. Autopickup was on for '$' plus thrown. Final Characteristics: Your strength was 13 (limit:18/100). Your dexterity was 12 (limit:18). Your constitution was 13 (limit:18). Your intelligence was 13 (limit:18). Your wisdom was 17 (limit:18). Your charisma was 9 (limit:18). Final Status: You weren't hungry. You were unencumbered. You were wielding a mace. You had basic skill with mace. Final Attributes: You were devoutly aligned. You were poison resistant. You were acid resistant. Your items were protected from acid. You were warded. You were lucky. You had extra luck. Bad luck did not time out for you. Good luck did not time out for you. You are dead. Miscellaneous: You never encountered a bones level. Total elapsed playing time was 12 minutes and 1 second. Major events: Turn 1: elenmirie the neutral human Priestess entered the dungeon 1159: attained the rank of Acolyte (level 3) 1411: killed by a rothe Vanquished creatures: a small mimic a gnome leader a kobold mummy a straw golem a hobbit a yellow mold a red mold a gecko a jackal a goblin 4 grid bugs a lichen a kobold zombie 2 newts 18 creatures vanquished. No species were genocided or became extinct. Voluntary challenges: You were an atheist. You read items or engraved 2 times. You never engraved Elbereth. You never genocided any monsters. You never polymorphed an object. You never changed form. You used no wishes. Achievements: You entered a shop. You attained the rank of Acolyte. The Dungeons of Doom: levels 1 to 5 Level 1: A grave. Level 2: A fountain. Level 3: A fountain. Level 4: A general store, some fountains. Level 5: <- You were here. Some fountains. Final resting place for you, killed by a rothe. Game over: ---------- / \ / REST \ / IN \ / PEACE \ / \ | elenmirie | | 304 Au | | killed by a | | rothe | | | | | | 2023 | *| * * * | * _________)/\\_//(\/(/\)/\//\/|_)_______ Goodbye elenmirie the Priestess... You died in The Dungeons of Doom on dungeon level 5 with 824 points, and 304 pieces of gold, after 1411 moves. You were level 4 with a maximum of 30 hit points when you died.